 Dungeon Crawl Stone Soup version 0.30-a0-368-g86fb4627a9 (webtiles) character file.

Game seed: 15656231394690626480

1302 funkygono the Firebug (level 8, -8/52 HPs)
             Began as a Demonspawn Fire Elementalist on Nov 18, 2022.
             Engulfed by a cloud of freezing vapour (25 damage)
             ... on level 5 of the Dungeon.
             The game lasted 00:09:43 (5538 turns).

funkygono the Firebug (DsFE)                        Turns: 5538, Time: 00:09:43

Health: -8/52      AC: 11    Str:  8    XL:     8   Next: 31%
Magic:  0/16       EV: 12    Int: 19    God:
Gold:   308        SH:  0    Dex: 12    Spells: 8/18 levels left

rFire   . . .      SeeInvis .    n - +1 whip
rCold   x . .      Faith    .    (no shield)
rNeg    . . .      Spirit   +    t - +2 animal skin
rPois   +          Reflect  .    u - +1 helmet
rElec   .          Harm     .    (no cloak)
rCorr   .          Rampage  .    j - +1 pair of gloves
Will    .....                    w - +2 pair of boots "Lumm" {+Blink rC- Regen+ Dex-2}
Stlth   ++........               (no amulet)
HPRegen 1.08/turn                g - +4 ring of slaying
MPRegen 0.30/turn                o - ring of poison resistance

@: no status effects
A: hooves 1, magic shield, magic regeneration, demonic magic 2
a: Evoke Blink


You were on level 5 of the Dungeon.
You visited 1 branch of the dungeon, and saw 5 of its levels.
You also visited: Sewer.

You collected 308 gold pieces.

Inventory:

Hand Weapons
 d - a +0 quarterstaff
 i - a +1 demon trident of draining
 k - a +0 mace
 n - a +1 whip (weapon)
Missiles
 e - a throwing net
Armour
 j - a +1 pair of gloves (worn)
 t - a +2 animal skin (worn)
 u - a +1 helmet (worn)
 w - the +2 pair of boots "Lumm" (worn) {+Blink rC- Regen+ Dex-2}
   (You found it on level 5 of the Dungeon)

   Dex:       It affects your dexterity (-2).
   rC:        It makes you vulnerable to cold.
   +Blink:    It lets you blink.
   Regen:     It increases your rate of health regeneration.
 x - a scarf of harm
Magical Staves
 y - a staff of earth
Jewellery
 g - a +4 ring of slaying (left hand)
 o - a ring of poison resistance (right hand)
 B - a +4 ring of slaying
Scrolls
 a - 3 scrolls of immolation
 r - a scroll of identify
 s - 2 scrolls of poison
Potions
 b - a potion of magic
 c - 2 potions of mutation
 f - 2 potions of lignification
 h - 3 potions of curing
 l - a potion of invisibility {unknown}
 m - 2 potions of haste
 p - 3 potions of might
 q - 2 potions of heal wounds
 v - a potion of brilliance {unknown}
 z - 2 potions of cancellation {unknown}
 A - 2 potions of flight {unknown}


   Skills:
 + Level 0.3 Maces & Flails
 + Level 2.2 Dodging
 - Level 1.7 Stealth
 + Level 5.9 Spellcasting
 + Level 4.3 Conjurations
 + Level 6.5 Fire Magic


You had 8 spell levels left.
You knew the following spells:

 Your Spells              Type           Power      Damage    Failure   Level
a - Foxfire               Conj/Fire      100%       2x1d9     1%          1
b - Scorch                Fire           60%        2d8       1%          2
c - Kindle Blastsparks    Fire/Tloc/Air  26%        2d12      14%         3
d - Flame Wave            Conj/Fire      26%        2d8       12%         4

Your spell library contained the following spells:

 Spells                   Type           Power      Damage    Failure   Level
 Inner Flame              Hex/Fire       18%        N/A       9%          3
 Beastly Appendage        Tmut           10%        N/A       12%         1
 Slow                     Hex            20%        N/A       12%         1
 Wereblood                Tmut           5%         N/A       17%         2
 Confusing Touch          Hex            5%         N/A       34%         3
 Spider Form              Tmut/Pois      5%         N/A       34%         3
 Tukima's Dance           Hex            5%         N/A       34%         3
 Vampiric Draining        Necr           5%         2d6       34%         3
 Iskenderun's Battlesphe  Conj           22%        2d8       47%         5
 Passage of Golubria      Tloc           5%         N/A       75%         4
 Yara's Violent Unravell  Hex/Tmut       2%         3d3       97%         5
 Iron Shot                Conj/Erth      6%         9d2       100%        6
 Spellforged Servitor     Conj/Summ      6%         N/A       100%        7


Dungeon Overview and Level Annotations

Branches:
Dungeon (5/15)              Sewer (visited)
 Temple: D:4-7

Altars:
Fedhas
Kikubaaqudgha
Yredelemnul


Innate Abilities, Weirdness & Mutations

You have large cloven feet.
When hurt, damage is shared between your health and your magic reserves.
You regenerate magic rapidly.
Spells you cast may paralyse nearby enemies.


Message History

The water moccasin's fire resistance burns away.
Malevolent energies surge around you.
The water moccasin suddenly stops moving!
The foxfire hits the water moccasin!
The water moccasin is burned terribly!
The water moccasin is severely wounded.
Casting: Scorch (safe; 1% risk of failure)
Confirm with . or Enter, or press ? or * to list all spells.
You conjure some foxfire!
Malevolent energies surge around you.
Casting: Foxfire (safe; 1% risk of failure)
Confirm with . or Enter, or press ? or * to list all spells.
Flames lash the water moccasin.
The water moccasin is burned terribly!
You kill the water moccasin!
Malevolent energies surge around you.
Your foxfire dissipates!
Unknown command.
You see here a water moccasin corpse.
Partly explored, can't reach some items.
Partly explored, can't reach some items.
You open the door.
There is an open door here.
Really walk into a travel-excluded area?
Stopped running for exclusion.
Stopped running for exclusion.
Stopped running for exclusion.
Stopped running for exclusion.
Stopped running for exclusion.
You are engulfed in freezing vapours.
You're standing in a cloud of freezing vapour!
You're standing in a cloud of freezing vapour!
Unknown command.
You are engulfed in freezing vapours.
You're standing in a cloud of freezing vapour!
You're standing in a cloud of freezing vapour!
You're standing in a cloud of freezing vapour!
Unknown command.
You are engulfed in freezing vapours.
* * * LOW HITPOINT WARNING * * *
Stopped running for exclusion.
You are engulfed in freezing vapours.
You die...

#.# #.....................#
#.#
##.########.##############.#
#.# ............# #.# #.#
...########## #.# #.# ...#
#.# #.# ##.# #.# #..
#..##################
#.######
#'###################
#......#
...○°......§§§§§@§§##
#†.....#
##################.##
#......#
$$$$$....§§§.......##
#......#
#####################
#).....#
..............#######
####)....). ..###########..#
#.........# #.# ##.####
#.....##### #.# #....##
#.....# #.# ####..####.....#


There were no monsters in sight!

Vanquished Creatures
  A troll (D:5)
  Edmund (D:5)
  A water moccasin (D:5)
  Pargi (Sewer)
  An ice beast (D:5)
  3 ogres
  A necrophage (D:5)
  2 scorpions
  A jelly (D:5)
  2 iguanas
  Robin (D:3)
  6 gnolls
  3 adders
  An ufetubus (D:5)
  2 worms (D:2)
  4 dart slugs
  An orc (D:5)
  3 endoplasms
  3 giant cockroaches
  8 hobgoblins
  2 jackals (D:4)
  4 quokkas
  6 ball pythons
  11 bats
  3 frilled lizards
  10 goblins
  4 kobolds
  6 rats
  A rat zombie (D:3)
93 creatures vanquished.

Vanquished Creatures (others)
  295 foxfires
295 creatures vanquished.

Grand Total: 388 creatures vanquished

Notes
Turn   | Place    | Note
-------+----------+-------------------------------------------
     0 | D:1      | funkygono the Demonspawn Fire Elementalist began the quest
                  | for the Orb.
     0 | D:1      | Reached XP level 1. HP: 13/13 MP: 3/3
   204 | D:1      | Reached skill level 3 in Fire Magic
   269 | D:1      | Gained mutation: Spells you cast may paralyse adjacent
                  | enemies. [demonic ancestry]
   269 | D:1      | Reached XP level 2. HP: 19/19 MP: 3/5
   272 | D:1      | Learned a level 2 spell: Scorch
  1141 | D:2      | Gained mutation: You have large cloven feet. [demonic
                  | ancestry]
  1141 | D:2      | Reached XP level 3. HP: 24/24 MP: 2/6
  1145 | D:2      | Learned a level 3 spell: Kindle Blastsparks
  2100 | D:3      | Noticed Robin
  2121 | D:3      | Gained mutation: You regenerate magic rapidly. [demonic
                  | ancestry]
  2121 | D:3      | Reached XP level 4. HP: 30/30 MP: 1/7
  2173 | D:3      | Killed Robin
  2529 | D:3      | Found an ancient bone altar of Kikubaaqudgha.
  2700 | D:3      | Reached skill level 4 in Fire Magic
  2755 | D:3      | Found a basalt altar of Yredelemnul.
  3421 | D:4      | Gained mutation: When hurt, damage is shared between your
                  | health and your magic reserves. [demonic ancestry]
  3421 | D:4      | Reached XP level 5. HP: 35/35 MP: 6/9
  3563 | D:4      | Found a glowing drain.
  3567 | Sewer    | Entered a sewer
  3617 | Sewer    | Noticed Pargi
  3627 | Sewer    | Killed Pargi
  3720 | D:4      | Reached XP level 6. HP: 41/41 MP: 6/11
  4486 | D:4      | Learned a level 4 spell: Flame Wave
  4498 | D:5      | Entered Level 5 of the Dungeon
  4504 | D:5      | Reached skill level 5 in Fire Magic
  4546 | D:5      | Noticed Edmund
  4555 | D:5      | Killed Edmund
  4556 | D:5      | Gained mutation: Spells you cast may paralyse nearby
                  | enemies. [demonic ancestry]
  4556 | D:5      | Reached XP level 7. HP: 28/46 MP: 3/13
  4796 | D:5      | Identified the +2 pair of boots "Lumm" {+Blink rC- Regen+
                  | Dex-2}
  4823 | D:5      | Noticed a troll
  4953 | D:5      | Found a blossoming altar of Fedhas.
  4993 | D:5      | Killed a troll
  4994 | D:5      | Reached skill level 5 in Spellcasting
  4994 | D:5      | Reached skill level 6 in Fire Magic
  4994 | D:5      | Reached XP level 8. HP: 52/52 MP: 5/15
  5538 | D:5      | Engulfed by a cloud of freezing vapour

Illustrated notes

Levels and vault maps discovered:
D:1:      minmay_arrival_hallway, layout_loops_ring
D:2:      layout_basic, minmay_liquid_box, minmay_misc_feat_cross
D:3:      layout_basic, mainiacjoe_overflow_24_doors,
          lemuel_zombie_altar_kikubaaqudgha, minmay_misc_feat_iff, uniq_robin
D:4:      layout_basic, gup_sewer_entry_bowl, minivault_14
D:5:      lemuel_ice_spiral_2, layout_basic, kennysheep_little_box, uniq_edmund

Skill      XL: |  1  2  3  4  5  6  7 |
---------------+----------------------+-----
Fire Magic     | 3 4 5 6 |  6.5
Dodging        | 2 |  2.2
Conjurations   | 2 3 4 |  4.3
Spellcasting   | 3 4 5 |  5.9
Maces & Flails | |  0.3
Stealth        | |  1.7

Action                   |  1- 3 |  4- 6 |  7- 9 || total
-------------------------+-------+-------+-------++-------
Melee: Whip              |     1 |     2 |       ||     3
       Kick              |       |     1 |       ||     1
 Cast: Foxfire           |    69 |    61 |    36 ||   166
       Scorch            |     3 |    24 |    14 ||    41
  Use: Scroll            |       |    13 |       ||    13
Armor: Robe              |     3 |       |       ||     3
       Animal skin       |       |     4 |     4 ||     8
Dodge: Dodged            |     5 |     9 |     3 ||    17

Table legend: (Time is in decaauts)
 A = Elapsed time spent in this place.
 B = Non-inter-level travel time spent in this place.
 C = Inter-level travel time spent in this place.
 D = Time resting spent in this place.
 E = Time spent auto-exploring this place.
 F = Levels seen in this place.
 G = Mean time per level.
                   A        B        C        D        E       F      G
               +--------+--------+--------+--------+--------+-----+--------+
         Total |   5548 |   5321 |    227 |    228 |   4270 |   6 |  924.7 |
       Dungeon |   5416 |   5189 |    227 |    228 |   4167 |   5 | 1083.2 |
         Sewer |    131 |    131 |      0 |      0 |    103 |   1 |  131.0 |
               +--------+--------+--------+--------+--------+-----+--------+

Top non-repeatable levels by time:
     D:3: 1223 daAuts
     D:2: 1073 daAuts
     D:4: 1070 daAuts
     D:5: 1039 daAuts
     D:1: 1009 daAuts
   Sewer: 131 daAuts
